 Dungeon Crawl Stone Soup version 0.32-a0-981-g384da2ce10 (webtiles) character file.

Game seed: 10145710562861587540

315770 runemasterragnar the Warrior (level 21, -6/167 (185) HPs)
             Began as a Coglin Hunter on Apr 20, 2024.
             Was the Champion of Okawaru.
             Mangled by a skeletal warrior
             ... wielding a +0 war axe
              (19 damage)
             ... in a wizard's laboratory.
             The game lasted 00:58:26 (32627 turns).

runemasterragnar the Warrior (Coglin Hunter)       Turns: 32627, Time: 00:58:26

HP:   -6/167 (185)  AC: 20    Str: 17      XL:     21   Next: 39%
MP:   38/38         EV: 15    Int:  9      God:    Okawaru [******]
Gold: 4385          SH:  0    Dex: 27 (28) Spells: 21/31 levels left

rFire   + . .        E - +9 hand cannon (heavy) {Fusazane}
rCold   . . .        x - +3 hand cannon (heavy) {Seojun}
rNeg    . . .        J - +3 ring mail of the King of the Hill {MP+9 Int+6}
rPois   +            T - +2 hat "Jeikup" {Fly rF+ Int-4 Slay+6}
rElec   .            D - +1 cloak of the Gnashing Gods {rPois Int-2 Dex+5}
rCorr   .            m - +2 pair of gloves
SInv    .            c - +2 pair of boots {Fly}
Will    ++...        (amulet unavailable)
Stlth   +++++        (ring unavailable)
HPRegen 1.27/turn    (ring unavailable)
MPRegen 0.66/turn    F - turbocore NW-00 {Will+ Regen+ RegenMP+ Slay+3}

%: no passive effects
@: flying, slowed, drained, revved, very slow
A: off-hand wielding, slow wielding, warmup strikes, no jewellery
}: 2/15 runes: decaying, serpentine
a: Renounce Religion, Heroism, Finesse, Duel


You were in a wizard's laboratory.
You worshipped Okawaru.
Okawaru was exalted by your worship.
You visited 8 branches of the dungeon, and saw 37 of its levels.
You also visited: Trove, Ice Cave and Wizlab.

You collected 5517 gold pieces.
You spent 1132 gold pieces at shops.

Inventory:

Hand Weapons
 x - a +3 heavy hand cannon (offhand) {Seojun}
 E - a +9 heavy hand cannon (weapon) {Fusazane}
Armour
 c - a +2 pair of boots of flying (worn)
 m - a +2 pair of gloves (worn)
 n - the +7 ring mail of the Camelopard {Harm Rampage +Inv Int-2}
   (You found it on level 10 of the Dungeon)

   Int-2:     It affects your intelligence (-2).
   +Inv:      It lets you turn invisible.
   Harm:      It increases damage dealt and taken.
   Rampage:   It bestows one free step when moving towards enemies.
 u - the +1 leather armour "Hero's Friend" {rN+ Dex+2}
   (You bought it in a shop on level 4 of the Snake Pit)

   Dex+2:     It affects your dexterity (+2).
   rN+:       It protects you from negative energy.
 z - a +2 ring mail of cold resistance
 D - the +1 cloak of the Gnashing Gods (worn) {rPois Int-2 Dex+5}
   (You found it in a treasure trove)

   Int-2:     It affects your intelligence (-2).
   Dex+5:     It affects your dexterity (+5).
   rPois:     It protects you from poison.
 H - the +0 leather armour of Resilience {Harm rElec}
   (You bought it in a shop on level 4 of the Snake Pit)

   rElec:     It insulates you from electricity.
   Harm:      It increases damage dealt and taken.
 I - the scarf of Jesagg {+Inv, rCorr Dex+2}
   (You found it in a treasure trove)

   Dex+2:     It affects your dexterity (+2).
   rCorr:     It protects you from acid and corrosion.
 J - the +3 ring mail of the King of the Hill (worn) {MP+9 Int+6}
   (You found it in a treasure trove)

   Int+6:     It affects your intelligence (+6).
   MP+9:      It affects your magic capacity (+9).
 M - a +2 hat of see invisible
 R - the +1 robe of Vines {NoPotionHeal Regen++++}
   (You found it on level 4 of the Lair of Beasts)

   NoPotionHeal: Its wearer cannot be healed by potions.
   Regen++++: It increases your rate of health regeneration.
 T - the +2 hat "Jeikup" (worn) {Fly rF+ Int-4 Slay+6}
   (Okawaru gifted it to you on level 4 of the Lair of Beasts)

   Int-4:     It affects your intelligence (-4).
   Slay+6:    It affects your accuracy & damage with ranged weapons and melee
   (+6).
   rF+:       It protects you from fire.
   Fly:       It grants you flight.
Gizmo
 F - a turbocore NW-00 (installed) {Will+ Regen+ RegenMP+ Slay+3}
   (You invented it yourself on level 4 of the Lair of Beasts)

   [turbocore NW-00]

   Slay+3:    It affects your accuracy & damage with ranged weapons and melee
   (+3).
   Will+:     It increases your willpower.
   Regen+:    It increases your rate of health regeneration.
   RegenMP+:  It increases your rate of magic regeneration.
Wands
 a - a wand of mindburst (32)
 f - a wand of paralysis (23)
 l - a wand of polymorph (8)
 p - a wand of flame (60)
 L - a wand of iceblast (17)
 U - a wand of acid (15)
 Y - a wand of digging (9)
Scrolls
 d - 19 scrolls of identify
 e - a scroll of enchant armour
 g - a scroll of silence
 k - 4 scrolls of immolation
 s - 7 scrolls of vulnerability
 t - 4 scrolls of revelation
 y - 7 scrolls of fear
 C - 10 scrolls of teleportation
 G - 2 scrolls of torment
 K - 7 scrolls of amnesia
 N - 3 scrolls of noise
 P - 4 scrolls of fog
 S - a scroll of brand weapon
 V - 5 scrolls of poison
 Z - 7 scrolls of blinking
Potions
 b - 3 potions of lignification
 h - 8 potions of heal wounds
 i - 3 potions of might
 j - 9 potions of attraction
 o - 5 potions of ambrosia
 q - 6 potions of resistance
 r - 2 potions of berserk rage
 v - 10 potions of curing
 w - 2 potions of haste
 A - 6 potions of brilliance
 B - 8 potions of enlightenment
 O - a potion of magic
 Q - 6 potions of cancellation
 W - 3 potions of invisibility
Miscellaneous
 X - a phial of floods


   Skills:
 * Level 20.8 Fighting
 * Level 20.5 Ranged Weapons
 - Level 7.0 Armour
 - Level 6.0 Dodging
 - Level 10.8 Stealth
 - Level 5.8 Spellcasting
 - Level 7.8 Hexes
 - Level 6.5 Necromancy
 - Level 10.1 Translocations
 - Level 6.6 Invocations
 - Level 6.3 Evocations


You had 21 spell levels left.
You knew the following spells:

 Your Spells              Type           Power      Damage    Failure   Level
a - Teleport Other        Tloc           20%        N/A       1%          3
b - Dimensional Bullseye  Hex/Tloc       9%         N/A       10%         4
c - Fugue of the Fallen   Necr           14%        N/A       8%          3

Your spell library contained the following spells:

 Spells                   Type           Power      Damage    Failure   Level
 Lesser Beckoning         Tloc           40%        N/A       1%          2
 Maxwell's Portable Pile  Tloc           20%        2d(7-19)  1%          3
 Sigil of Binding         Hex            16%        N/A       4%          3
 Passage of Golubria      Tloc           20%        N/A       6%          4
 Volatile Blastmotes      Fire/Tloc      22%        2d11      14%         3
 Cause Fear               Hex            8%         N/A       16%         4
 Anguish                  Hex/Necr       7%         N/A       21%         4
 Cigotuvi's Dreadful Rot  Necr/Alch/Air  12%        N/A       24%         2
 Sandblast                Erth           4%         2d4       36%         1
 Iskenderun's Mystic Bla Conj/Tloc 11%            2d4        (+2d2     43%         4
 Vhi's Electric Charge    Tloc/Air       22%        N/A       43%         4
 Gell's Gavotte           Tloc           10%        2d(16-23) 65%         6
 Ozocubu's Armour         Ice            2%         N/A       75%         3
 Passwall                 Erth           2%         N/A       75%         3
 Stone Arrow              Conj/Erth      4%         3d7       75%         3
 Yara's Violent Unravell  Hex/Alch       4%         3d4       91%         5
 Brom's Barrelling Bould  Conj/Erth      2%         2d3       98%         4
 Leda's Liquefaction      Alch/Erth      1%         N/A       98%         4
 Manifold Assault         Tloc           10%        N/A       99%         7
 Arcjolt                  Conj/Air       1%         1d11      100%        5
 Lee's Rapid Deconstruct  Erth           1%         3d4*      100%        5
 Conjure Ball Lightning   Conj/Air       1%         3x3d6     100%        6
 Permafrost Eruption      Ice/Erth       1%         2x4d1     100%        6
 Enfeeble                 Hex            8%         N/A       100%        7
 Ozocubu's Refrigeration  Ice            1%         4d7       100%        7
 Maxwell's Capacitive Co  Air            1%         ∞         100%        8
 Polar Vortex             Ice            1%         N/A       100%        9
 Tukima's Dance           Hex            Unusable   N/A       N/A         3
 Summon Lightning Spire   Summ/Air       Unusable   N/A       N/A         4
 Sculpt Simulacrum        Ice/Alch       Unusable   N/A       N/A         6

Dungeon Overview and Level Annotations

Branches:
Dungeon (15/15)            Temple (1/1) D:4            Lair (5/5) D:9
  Swamp (4/4) Lair:3        Snake (4/4) Lair:2        Slime (0/5) Lair:4
    Orc (2/2) D:12            Elf (3/3) Orc:2        Vaults (3/5) D:14
  Crypt (0/3) Vaults:3     Depths (0/4) D:15          IceCv (visited)
 WizLab (1/1)

Altars:
Ashenzari
Cheibriados
Dithmenos
Elyvilon
Fedhas
Gozag
Hepliaklqana
Kikubaaqudgha
Makhleb
Nemelex Xobeh
Okawaru
Qazlal
Ru
Sif Muna
Trog
Uskayaw
Vehumet
Wu Jian
Xom
Yredelemnul
Zin
The Shining One
Beogh

Shops:
D:5 !   D:6 *   Orc:2 !(*!   Elf:3 [   Snake:1 =   Snake:4 ([[(

Annotations:
D:4 1 runed translucent door, Crazy Yiuf
Snake:2 2 transporters, NotBatman's ghost, adept GrHu
Snake:3 3 runed translucent doors
Elf:1 2 transporters, MrSquiggles's ghost, adept GrFi
Elf:2 6 transporters


Innate Abilities, Weirdness & Mutations

You can wield a second weapon in your off-hand.
It takes a long time for you to wield or remove held weapons.
Your first few attacks do less damage.
You cannot equip rings or amulets.


Message History

The halazid warlock completely resists.
The ghostly fireball engulfs you!!!
You feel drained.
The ghostly fireball engulfs the phantasmal warrior.
The phantasmal warrior completely resists.
The ghostly fireball engulfs the flayed ghost.
The flayed ghost completely resists.
The phantasmal warrior closely misses you.
Unknown command.
Fire: E) +9 hand cannon (heavy) {Fusazane}
Press: ? - help, Q - select action, (/) - cycle Shift-Dir - straight line, f - halazid warlock, p - phantasmal warrior
Aim: a halazid warlock (magical condensation, severely damaged, 80% to hit)
You shoot a slug. The slug hits the halazid warlock!!!
The lost soul sacrifices itself to reknit the halazid warlock!
You shoot a slug. The slug hits the halazid warlock!!!
The halazid warlock is severely damaged.
The necromancer closely misses you.
The stone giant simulacrum closely misses you.
The halazid warlock misses you. The phantasmal warrior misses you.
The stone giant simulacrum hits you!
The stone giant simulacrum freezes you!!
* * * LOW HITPOINT WARNING * * *
The flayed ghost barely misses you. The necromancer completely misses you.
The stone giant simulacrum hits you but does no damage.
A vampire mage comes into view.
The phantasmal warrior hits you!
* * * LOW HITPOINT WARNING * * *
The halazid warlock casts a spell at you.
The bolt of negative energy misses you.
The bolt of negative energy hits the stone giant simulacrum.
The stone giant simulacrum completely resists.
Unknown command.
Okay, then.
Okay, then.
Okay, then.
Blink to where?
Press: ? - help, Dir - move target, p - halazid warlock A skeletal warrior comes into view.
It is wielding a +0 war axe.
As you read the scroll of blinking, it crumbles to dust.
The skeletal warrior hits you with a +0 war axe!!
You die...

## ##..
#ß... #... #
#..#
##.#...##
#......@##
......z).#
......#).#
.##...##)#
....##..#
#...##...#
#..##..Z.##
...#..#ZLW#
##..#○.WVZ.#


You could see a halazid warlock, a skeletal warrior and a phantasmal warrior.

Vanquished Creatures
  Vashnia (Snake:2)
  Margery (Vaults:2)
  A golden dragon (IceCv)
  Nikola (Swamp:3)
  A hellephant (Vaults:2)
  4 deep elf blademasters
  Gastronok (Lair:1)
  2 deep elf master archers (Elf:3)
  A sphinx (Vaults:1)
  Frances (D:12)
  2 ancient champions (WizLab)
  Donald (Snake:1)
  2 fenstrider witches
  6 nagarajas
  A revenant (WizLab)
  Aizul (Snake:1)
  Roxanne (Swamp:4)
  2 deep elf sorcerers (Elf:3)
  2 orc warlords
  2 deep elf elementalists (Elf:3)
  A formless jellyfish (Vaults:3)
  8 ironbound preservers
  A stone giant (D:15)
  2 ironbound thunderhulks
  4 bunyips
  3 deep elf death magi
  4 eleionomae
  6 deep elf demonologists (Elf:3)
  A war gargoyle (Vaults:3)
  7 deep elf annihilators
  A dire elephant (Vaults:2)
  2 eidola (WizLab)
  Josephine (Lair:4)
  3 yaktaur captains
  A shambling mangrove (Swamp:4)
  An entropy weaver (Vaults:2)
  An ettin (Orc:2)
  A fire dragon (D:14)
  3 jiangshi (WizLab)
  3 deep elf high priests
  A great orb of eyes (Vaults:2)
  2 peacekeepers
  21 hydras
  3 vault guards (D:14)
  2 salamander tyrants
  Erolcha (D:12)
  5 ice dragons (IceCv)
  6 anacondas
  8 boulder beetles
  3 ghost crabs
  5 alligators
  A catoblepas (D:12)
  2 two-headed ogres
  An ogre mage (D:14)
  4 ironbound frosthearts
  14 centaur warriors
  2 death knights
  24 dancing weapons
  5 death yaks
  A vampire mage (WizLab)
  2 tengu warriors (D:15)
  A titan zombie (WizLab)
  15 naga warriors
  5 orc high priests
  A hell hog (Lair:5)
  An occultist (Elf:1)
  15 deep elf knights
  6 naga sharpshooters
  6 shock serpents
  2 hell knights (Vaults:2)
  2 shadow wraiths (WizLab)
  7 deep elf archers
  13 salamander mystics
  3 skysharks
  8 skeletal warriors
  10 mana vipers
  A spectral spark wasp (WizLab)
  3 goliath frogs
  12 deep trolls
  5 naga ritualists
  6 spriggan druids
  10 swamp dragons
  3 sea snakes
  An orange crystal statue (IceCv)
  An orc knight (Vaults:2)
  An arcanist (Vaults:2)
  9 bog bodies
  8 ironbound convokers
  2 phantasmal warriors (WizLab)
  14 lindwurms
  2 obsidian bats
  4 harpies
  28 deep elf pyromancers
  2 necromancers (Vaults:2)
  4 orc sorcerers (Orc:2)
  29 deep elf zephyrmancers
  9 will-o-the-wisps
  20 ugly things
  3 manticores
  An oklob plant (Lair:4)
  18 salamanders
  24 black mambas
  7 cyclopes
  Maurice (D:11)
  42 elephants
  4 guardian serpents (Snake:4)
  2 kobold blastminers
  3 meliai (D:13)
  17 naga magi
  9 vault sentinels
  Joseph (D:9)
  10 cane toads
  3 storm dragon simulacra (IceCv)
  An unseen horror (D:10)
  4 rime drakes
  A kobold demonologist (D:10)
  5 golden dragon simulacra (IceCv)
  An efreet (D:14)
  A freezing wraith (D:15)
  Psyche (D:9)
  5 komodo dragons
  2 yaktaurs (Vaults:1)
  A tengu conjurer (D:14)
  4 trolls
  8 tyrant leeches
  9 polar bears (Lair:5)
  6 hornets
  2 bloated husks
  A jumping spider (shapeshifter) (D:15)
  14 blink frogs
  5 dream sheep (Lair:5)
  A tarantella (shapeshifter) (D:14)
  2 raiju (Lair:5)
  A spriggan zombie (WizLab)
  A centaur simulacrum (D:14)
  26 slime creatures
  3 air elementals
  A shadow (D:10)
  2 vampires
  3 spriggans (Swamp:3)
  34 yaks
  6 wraiths
  3 fire elementals
  5 basilisks
  A redback (Vaults:2)
  7 wargs (Lair:5)
  2 vampire mosquitoes (D:12)
  15 swamp worms
  42 nagas
  An acid dragon (D:14)
  15 water moccasins
  12 hell hounds (Lair:5)
  16 swamp drakes
  24 orc warriors
  6 ogres
  9 centaurs
  A sky beast (D:7)
  13 black bears
  9 laughing skulls
  2 ice beasts
  7 ice dragon simulacra (IceCv)
  7 boggarts
  32 wolves
  A kobold brigand (D:8)
  11 bullfrogs
  A gnoll sergeant (D:12)
  A scorpion (D:5)
  10 earth elementals
  6 lindwurm simulacra (IceCv)
  22 killer bees
  2 troll skeletons (Swamp:4)
  5 howler monkeys
  7 electric eels
  4 crimson imps (D:9)
  4 hounds
  2 bombardier beetles
  31 orc priests
  2 sleepcaps (D:5)
  3 iguanas
  27 orc wizards
  5 adders
  6 gnolls
  4 white imps
  4 ufetubi
  2 ribbon worms
  3 dart slugs (D:1)
  81 orcs
  5 ball pythons
  6 endoplasms
  4 giant cockroaches
  6 hobgoblins
  6 jackals
  11 kobolds
  2 quokkas (D:1)
  6 bats
  5 frilled lizards
  6 goblins
  8 rats
1304 creatures vanquished.

Vanquished Creatures (others)
  A vault guard (D:14)
  A phantasmal warrior (WizLab)
  10 foxfires
12 creatures vanquished.

Grand Total: 1316 creatures vanquished

Notes
Turn   | Place    | Note
-------+----------+-------------------------------------------
     0 | D:1      | runemasterragnar the Coglin Hunter began the quest for the
                  | Orb.
     0 | D:1      | Reached XP level 1. HP: 16/16 MP: 1/1
    94 | D:1      | Reached skill level 1 in Stealth
   121 | D:1      | Reached XP level 2. HP: 22/22 MP: 2/2
   285 | D:1      | Reached XP level 3. HP: 27/27 MP: 3/3
   763 | D:2      | Reached XP level 4. HP: 30/34 MP: 4/4
  1233 | D:3      | Reached XP level 5. HP: 33/39 MP: 5/5
  1989 | D:4      | Found a staircase to the Ecumenical Temple.
  2034 | Temple   | Entered the Ecumenical Temple
  2175 | D:4      | Found a runed translucent door.
  2176 | D:4      | Noticed Crazy Yiuf
  2249 | D:4      | Noticed an ogre
  2280 | D:5      | Entered Level 5 of the Dungeon
  2289 | D:5      | Reached XP level 6. HP: 46/47 MP: 6/6
  2295 | D:5      | Reached skill level 5 in Ranged Weapons
  2422 | D:5      | Reached XP level 7. HP: 40/53 MP: 7/7
  2638 | D:5      | Found an iron altar of Okawaru.
  2687 | D:5      | Became a worshipper of Warmaster Okawaru
  2934 | D:5      | Found Gism's Distillery.
  2940 | D:5      | Bought a potion of curing for 42 gold pieces
  3207 | D:4      | Reached skill level 1 in Evocations
  3207 | D:4      | Reached XP level 8. HP: 60/60 MP: 8/8
  3255 | D:4      | Found an ancient bone altar of Kikubaaqudgha.
  3398 | D:6      | Reached * piety under Okawaru
  3467 | D:6      | Reached skill level 1 in Invocations
  3905 | D:6      | Found a shimmering blue altar of Sif Muna.
  4178 | D:6      | Found an opulent altar of Gozag.
  4184 | D:6      | Found Gozag's Platinum Reserve.
  4447 | D:7      | Reached skill level 5 in Fighting
  4794 | D:7      | Reached XP level 9. HP: 68/68 MP: 10/10
  4800 | D:7      | Reached ** piety under Okawaru
  5491 | D:8      | Noticed a two-headed ogre
  5505 | D:8      | Killed a two-headed ogre
  5505 | D:8      | Reached *** piety under Okawaru
  5506 | D:8      | Reached skill level 5 in Dodging
  6269 | D:9      | Noticed Joseph
  6281 | D:8      | Reached skill level 5 in Evocations
  6314 | D:9      | Noticed Psyche
  6334 | D:9      | Killed Psyche
  6335 | D:9      | Reached skill level 5 in Stealth
  6335 | D:9      | Reached XP level 10. HP: 50/76 MP: 12/12
  6494 | D:9      | Found a shimmering altar of Xom.
  6539 | D:9      | Reached **** piety under Okawaru
  6799 | D:9      | Killed Joseph
  7036 | D:9      | Found a staircase to the Lair.
  7546 | D:10     | Entered Level 10 of the Dungeon
  8155 | D:10     | Found a snail-covered altar of Cheibriados.
  8202 | D:10     | Noticed a kobold demonologist
  8210 | D:10     | Killed a kobold demonologist
  8277 | D:10     | Found a portal to a secret trove of treasure.
  8284 | Trove    | Entered a treasure trove
  8309 | Trove    | Identified the +1 cloak of the Gnashing Gods {rPois Int-2
                  | Dex+5}
  8311 | Trove    | Identified the +3 ring mail of the King of the Hill {MP+9
                  | Int+6}
  8313 | Trove    | Identified the scarf of Jesagg {+Inv, rCorr Dex+2}
  8357 | Trove    | Identified the ring of the Rabble {rF+ rC++ Int-4 Dex+6}
  8579 | D:10     | Found a white marble altar of Elyvilon.
  8693 | D:10     | Identified the +7 ring mail of the Camelopard {Harm Rampage
                  | +Inv Int-2}
  8968 | D:10     | Killed an unseen horror
  9134 | D:11     | Reached XP level 11. HP: 84/84 MP: 13/13
  9185 | D:11     | Identified the +2 robe "Kaguluxt" {Str+2 Dex+3}
  9236 | D:11     | Noticed Maurice
  9239 | D:11     | Killed Maurice
  9369 | D:11     | Noticed a cyclops
  9371 | D:11     | Killed a cyclops
  9372 | D:11     | Reached skill level 10 in Ranged Weapons
  9372 | D:11     | Noticed a skeletal warrior
  9372 | D:11     | Noticed a skeletal warrior
  9373 | D:11     | Noticed a skeletal warrior
  9373 | D:11     | Noticed a skeletal warrior
  9445 | Lair:1   | Entered Level 1 of the Lair of Beasts
 10129 | Lair:1   | Noticed Gastronok
 10135 | Lair:1   | Killed Gastronok
 10440 | Lair:1   | Reached XP level 12. HP: 94/94 MP: 14/14
 11092 | Lair:2   | Found a staircase to the Snake Pit.
 11115 | Lair:2   | Reached ***** piety under Okawaru
 11512 | Lair:2   | Received a gift from Okawaru
 11516 | Lair:2   | Reached skill level 10 in Fighting
 11524 | Lair:2   | Reached XP level 13. HP: 29/103 MP: 15/15
 12383 | Lair:2   | Received a gift from Okawaru
 12834 | Lair:3   | Found a staircase to the Swamp.
 13039 | Lair:4   | Noticed Josephine
 13063 | Lair:5   | Entered Level 5 of the Lair of Beasts
 13204 | Lair:5   | Received a gift from Okawaru
 13423 | Lair:5   | Reached skill level 10 in Stealth
 13577 | Lair:4   | Reached ****** piety under Okawaru
 13578 | Lair:4   | Acquired a +2 heavy hand cannon
 13578 | Lair:4   | Received a gift from Okawaru
 13611 | Lair:4   | Received a gift from Okawaru
 13623 | Lair:4   | Reached XP level 14. HP: 93/113 MP: 16/16
 13623 | Lair:4   | Acquired a turbocore NW-00 {Will+ Regen+ RegenMP+ Slay+3}
 13848 | Lair:4   | Found a staircase to the Slime Pits.
 13896 | Lair:4   | Reached skill level 15 in Ranged Weapons
 13899 | Lair:4   | Killed Josephine
 14010 | Lair:4   | Found the +1 robe of Vines {NoPotionHeal Regen++++}
 14030 | Lair:4   | Received a gift from Okawaru
 14088 | Lair:4   | Identified the +6 quarterstaff of the Hidden Artisans
                  | {flame, Str+3}
 14628 | Lair:4   | Acquired the +2 hat "Jeikup" {Fly rF+ Int-4 Slay+6}
 14628 | Lair:4   | Received a gift from Okawaru
 14770 | Lair:5   | Reached skill level 1 in Armour
 15039 | Lair:5   | Received a gift from Okawaru
 15510 | D:11     | Received a gift from Okawaru
 15600 | D:12     | Noticed Erolcha
 15602 | D:12     | Killed Erolcha
 15603 | D:12     | Reached XP level 15. HP: 120/120 MP: 17/17
 15971 | D:12     | Noticed Frances
 15974 | D:12     | Killed Frances
 16045 | D:12     | Found a staircase to the Orcish Mines.
 16281 | D:12     | Received a gift from Okawaru
 16282 | D:12     | Reached skill level 5 in Armour
 17070 | D:14     | Received a gift from Okawaru
 17143 | D:14     | Found a gate to the Vaults.
 17237 | Orc:1    | Entered Level 1 of the Orcish Mines
 17359 | Orc:1    | Found a roughly hewn altar of Beogh.
 17486 | Orc:2    | Entered Level 2 of the Orcish Mines
 17501 | Orc:2    | Noticed an orc warlord
 17532 | Orc:2    | Found a staircase to the Elven Halls.
 17586 | Orc:2    | Received a gift from Okawaru
 17594 | Orc:2    | Killed an orc warlord
 17806 | Orc:2    | Found Roej's Distillery.
 17806 | Orc:2    | Found Bitsorib's Antique Weapon Emporium.
 17807 | Orc:2    | Found Aqotz's Distillery.
 17811 | Orc:2    | Found Soeng's General Store.
 17817 | Orc:2    | Bought a scroll of identify for 32 gold pieces
 17819 | Orc:2    | Bought a potion of enlightenment for 50 gold pieces
 17821 | Orc:2    | Bought a potion of brilliance for 60 gold pieces
 17832 | Orc:2    | Bought a potion of heal wounds for 50 gold pieces
 18391 | D:14     | Reached XP level 16. HP: 129/129 MP: 18/18
 18769 | D:14     | Received a gift from Okawaru
 18891 | D:14     | Identified the +3 war axe "Aqanumoa" {freeze, MP+9 Str+2}
 18960 | D:15     | Entered Level 15 of the Dungeon
 19339 | D:15     | Found a staircase to the Depths.
 20187 | Swamp:1  | Entered Level 1 of the Swamp
 20213 | Swamp:1  | Received a gift from Okawaru
 20404 | Swamp:1  | Reached skill level 15 in Fighting
 20544 | Swamp:1  | Found the +11 plutonium sword {^Contam Stlth-}
 20776 | Swamp:2  | Received a gift from Okawaru
 21324 | Swamp:3  | Noticed Nikola
 21329 | Swamp:3  | Killed Nikola
 21338 | Swamp:3  | Noticed a fenstrider witch
 21341 | Swamp:3  | Killed a fenstrider witch
 21366 | Swamp:3  | Reached XP level 17. HP: 112/144 MP: 19/19
 21529 | Swamp:4  | Entered Level 4 of the Swamp
 21561 | Swamp:4  | Received a gift from Okawaru
 21880 | Swamp:4  | Received a gift from Okawaru
 21886 | Swamp:4  | Reached skill level 5 in Invocations
 21934 | Swamp:4  | Noticed Roxanne
 21937 | Swamp:4  | Killed Roxanne
 21971 | Swamp:4  | Got a decaying rune of Zot
 22394 | Snake:1  | Entered Level 1 of the Snake Pit
 22577 | Snake:1  | Found Kuihe's Jewellery Boutique.
 22584 | Snake:1  | Identified the +7 rapier of Watchfulness {freeze, Int+4}
 22586 | Snake:1  | Identified the serpent talisman of Beogh's Benevolence
                  | {+Blink rF+ Will+ Dex+2}
 22586 | Snake:1  | Noticed Aizul
 22591 | Snake:1  | Killed Aizul
 22642 | Snake:1  | Noticed Donald
 22645 | Snake:1  | Killed Donald
 22645 | Snake:1  | Received a gift from Okawaru
 23081 | Snake:2  | Noticed NotBatman's ghost (adept GrHu)
 23150 | Snake:2  | Received a gift from Okawaru
 23207 | Snake:2  | Noticed Vashnia
 23216 | Snake:2  | Killed Vashnia
 23217 | Snake:2  | Reached XP level 18. HP: 89/156 MP: 22/22
 23318 | Snake:2  | Found a transporter.
 23333 | Snake:2  | Found a transporter.
 23574 | Snake:2  | Received a gift from Okawaru
 23644 | Snake:2  | Learned a level 3 spell: Teleport Other
 23704 | Snake:3  | Found a glacial archway.
 23777 | IceCv    | Entered an ice cave
 24022 | IceCv    | Received a gift from Okawaru
 24054 | IceCv    | Noticed a golden dragon
 24063 | IceCv    | Killed a golden dragon
 24175 | IceCv    | Got Jojekau's Dissertation on Weather and the Syncline
 24390 | Snake:3  | Received a gift from Okawaru
 24814 | Snake:3  | Found a runed translucent gate.
 24814 | Snake:3  | Found a runed translucent gate.
 24814 | Snake:3  | Found a runed translucent gate.
 25323 | Snake:4  | Entered Level 4 of the Snake Pit
 25426 | Snake:4  | Found Ataugg's Antique Weapon Boutique.
 25428 | Snake:4  | Found Xuniuqae's Antique Armour Boutique.
 25428 | Snake:4  | Found Vyaguj's Armour Shop.
 25433 | Snake:4  | Found Lucsyneb's Antique Weapon Shop.
 25452 | Snake:4  | Bought a pair of runed gloves for 232 gold pieces
 25452 | Snake:4  | Bought a polished leather armour for 217 gold pieces
 25452 | Snake:4  | Identified the +0 leather armour of Resilience {Harm rElec}
                  | (You bought it in a shop on level 4 of the Snake Pit)
 25452 | Snake:4  | Bought a twisted leather armour for 217 gold pieces
 25452 | Snake:4  | Identified the +1 leather armour "Hero's Friend" {rN+
                  | Dex+2} (You bought it in a shop on level 4 of the Snake
                  | Pit)
 25459 | Snake:4  | Bought a glowing cloak for 232 gold pieces
 25779 | Snake:4  | Reached XP level 19. HP: 141/168 MP: 23/23
 26409 | Snake:4  | Received a gift from Okawaru
 26470 | Snake:4  | Got a serpentine rune of Zot
 26977 | Elf:1    | Entered Level 1 of the Elven Halls
 27244 | Elf:1    | Learned a level 4 spell: Dimensional Bullseye
 27428 | Elf:1    | Found a transporter.
 27431 | Elf:1    | Found a bloodstained altar of Trog.
 27431 | Elf:1    | Found a transporter.
 27442 | Elf:1    | Noticed MrSquiggles's ghost (adept GrFi)
 27524 | Elf:1    | Reached skill level 1 in Translocations
 27538 | Elf:1    | Reached skill level 1 in Hexes
 27539 | Elf:1    | Reached skill level 1 in Spellcasting
 27624 | Elf:2    | Paralysed by an air elemental for 1 turns
 27629 | Elf:2    | Paralysed by an air elemental for 1 turns
 27674 | Elf:2    | Paralysed by an air elemental for 1 turns
 27700 | Elf:2    | Received a gift from Okawaru
 27729 | Elf:2    | Found a transporter.
 27732 | Elf:2    | Found a transporter.
 27804 | Elf:2    | Found a transporter.
 27806 | Elf:2    | Found a transporter.
 27939 | Elf:2    | Found a transporter.
 27941 | Elf:2    | Found a transporter.
 27994 | Elf:2    | Found a huge runed translucent gate.
 27994 | Elf:2    | Found a huge runed translucent gate.
 27995 | Elf:2    | Found a huge runed translucent gate.
 27998 | Elf:2    | Found a huge runed translucent gate.
 28000 | Elf:2    | Found a huge runed translucent gate.
 28210 | Elf:3    | Entered Level 3 of the Elven Halls
 28327 | Elf:3    | Identified the ring of Fufaohi Odimp {rC+ Will+ Int-3
                  | Dex+6}
 28511 | Elf:3    | Reached skill level 5 in Translocations
 28639 | Elf:3    | Found Xyelefos's Armour Emporium.
 28643 | Elf:3    | Received a gift from Okawaru
 28890 | Elf:3    | Identified the +8 plate armour of Lucidity {rElec Will+}
 28977 | Elf:3    | Received a gift from Okawaru
 28983 | Elf:3    | Reached XP level 20. HP: 172/178 MP: 25/25
 29119 | Elf:3    | Identified the ring "Qun Zed" {rN+ Int+4 Dex+6}
 29396 | Elf:2    | Reached skill level 5 in Hexes
 29610 | Elf:2    | Reached skill level 5 in Spellcasting
 29976 | Vaults:1 | Entered Level 1 of the Vaults
 30261 | Vaults:1 | Received a gift from Okawaru
 30502 | Vaults:1 | Reached skill level 10 in Translocations
 30629 | Vaults:1 | Learned a level 3 spell: Fugue of the Fallen
 30951 | Vaults:1 | Reached skill level 1 in Necromancy
 31344 | Vaults:2 | Received a gift from Okawaru
 31709 | Vaults:2 | Noticed Margery
 31710 | Vaults:2 | Noticed a hellephant
 31715 | Vaults:2 | Killed Margery
 31719 | Vaults:2 | Killed a hellephant
 31727 | Vaults:2 | Reached skill level 5 in Necromancy
 31885 | Vaults:2 | Reached XP level 21. HP: 179/184 MP: 29/29
 31888 | Vaults:2 | Received a gift from Okawaru
 32447 | Vaults:3 | Found a magical portal.
 32456 | WizLab   | Entered Borgnjor's Mausoleum
 32489 | WizLab   | Received a gift from Okawaru
 32627 | WizLab   | Mangled by a skeletal warrior

Illustrated notes

Levels and vault maps discovered:
D:1:      scummos_arrival_star, layout_basic
D:2:      layout_basic
D:3:      layout_basic
D:4:      layout_rooms, lemuel_coloured_pillars_altar,
          minmay_temple_entry_statues_pillars, hex_intersection,
          uniq_crazy_yiuf_cottage
D:5:      layout_loops_ring, okawaru_metal_pillars_1_2, serial_shops,
          nicolae_shop_peninsula
D:6:      layout_basic, nicolae_gozag_zags_fifth_avenue,
          hellmonk_sif_muna_bookshelves, hangedman_decor_growths
D:7:      layout_basic
D:8:      layout_cave_pods
D:9:      layout_loops_ring, led_xom_imps, lair_entry_dummy, uniq_psyche,
          uniq_joseph
D:10:     layout_long_grid, nicolae_elyvilon_peaceful_grove,
          cheibrodos_worm_habitat, nicolae_trove_entry_crossroad
D:11:     layout_cross, uniq_maurice
D:12:     layout_basic, david_orc_2, hangedman_cracks_in_the_wall, uniq_erolcha,
          uniq_frances
D:13:     layout_rooms
D:14:     nicolae_hitomezashi [nicolae_hito_row, nicolae_hito_row,
          nicolae_hito_row, nicolae_hito_row, nicolae_hito_row,
          nicolae_hito_row, nicolae_hito_row, nicolae_hito_row,
          nicolae_hito_row, nicolae_hito_row, nicolae_hito_row,
          nicolae_hito_row, nicolae_hito_row, nicolae_hito_row,
          nicolae_hito_row, nicolae_hito_row, nicolae_hito_row,
          nicolae_hito_row], layout_cave_pods,
          lightli_vaults_fourway_checkpoint, minmay_fractal_squares_gapless_7
D:15:     grunt_enter_depths_snipers, layout_loops_ring, hangedman_decor_push,
          wad_mini_maze
Temple:   hellmonk_temple_two_chambers
Lair:1:   layout_layer_cave, uniq_gastronok
Lair:2:   layout_long_grid, guppyfry_snake_entry_garden,
          chequers_serial_rivers_micro_b, nicolae_quartered_pool_little,
          st_stairs_8, infiniplex_staircase_pool
Lair:3:   layout_roguey, minmay_swamp_entry_worms
Lair:4:   dpeg_oklob_shooting_range, layout_misc_corridors, slime_entry_1,
          eino_small_chamber_without_monster, hellmonk_guarded_unrand_vines,
          uniq_josephine
Lair:5:   hangedman_lair_caniforms_friends, layout_concentric_octagons
Swamp:1:  layout_basic_swamp, hangedman_swamp_cone, swamp_pool_5,
          nicolae_swamp_wisp_ring_woods
Swamp:2:  layout_basic_swamp, evilmike_swamp_ruin_house_6
Swamp:3:  layout_falls_marsh, nicolae_swamp_round_clearing, uniq_nikola
Swamp:4:  swamp, layout_basic_swamp, swamp_pool_5, cheibrodos_swamp_minitomb,
          uniq_roxanne
Snake:1:  layout_misc_corridors, serial_shops, shop, serial_bayou_shore_b,
          serial_bayou_shore_a, uniq_donald, uniq_aizul
Snake:2:  layout_misc_corridors, gammafunk_ghost_arena, guppyfry_snake_island,
          nicolae_triple_integral, uniq_vashnia
Snake:3:  layout_chambers, portal_ice_cave_entry_ugly_swarm,
          nicolae_snake_horde_hoard
Snake:4:  johnstein_snake_rune_scales, layout_chambers, minmay_shoptagon
Orc:1:    layout_diamond_mine, kennysheep_orc_chapel
Orc:2:    st_orc_mages, layout_caves, special_room
Elf:1:    elf_arrival_002, layout_loops_cross,
          gammafunk_ghost_wrathful_warriors, hangedman_elf_disciples
Elf:2:    elven_hall_of_blades_hangedman_alternative
          [nicolae_blade_entry_crossed_weapons], layout_gridlike,
          serial_nicolae_subway, nicolae_sub_station_crystal,
          nicolae_sub_station_stone, nicolae_sub_station_metal
Elf:3:    minmay_elf_hall_not_hex, layout_geoelf_castle, serial_shops, shop
Vaults:1: v_pattern_1, ontoclasm_vaults_twist, dpeg_vaults_monster_box,
          nicolae_vaults_network_s, nicolae_vaults_house_3, vaults_dpeg_hooks,
          nicolae_vaults_offset_grid_hallway_1, nicolae_vaults_wine_cellar,
          vaults_room_octagon, nicolae_vaults_tetromino_Z_1,
          layout_vaults_omnigrid
Vaults:2: hangedman_vaults_river_flow, nicolae_vaults_six-pack,
          ontoclasm_vaults_pinch, v_alt_pattern_4,
          nicolae_vaults_doubleplus_tesselated,
          nicolae_vaults_door_testing_chamber, vaults_mumra_lcd,
          ontoclasm_vaults_chip, ontoclasm_vaults_idyll,
          nicolae_vaults_storage_closets_2, layout_vaults_ring, uniq_margery
Vaults:3: mu_enter_wizlab_4, serial_library_regret_index_small_wings,
          minmay_crypt_entry_vampire_xt, nicolae_vaults_weapon_check,
          ontoclasm_vaults_ring_large, v_misc_8, vaults_dpeg_spiral, v_misc_4,
          vaults_room_corners, nicolae_vaults_border_crossing,
          layout_vaults_omnicross
WizLab:   wizlab_borgnjor

Skill      XL: |  1  2  3  4  5  6  7  8  9 10 11 12 13 14 15 16 17 18 19 20 21 |
---------------+----------------------------------------------------------------+-----
Stealth        | 1 2 3 4 5 6 7 9 10 | 10.8
Dodging        | 2 3 4 5 6 |  6.0
Ranged Weapons | 4 5 6 7 8 9 11 13 14 16 18 19 20 | 20.5
Fighting       | 3 4 5 7 8 10 11 12 16 17 19 20 | 20.8
Evocations     | 1 3 5 6 |  6.3
Invocations    | 2 3 6 |  6.6
Armour         | 4 7 |  7.0
Translocations | 7 10 | 10.1
Hexes          | 4 7 |  7.8
Spellcasting   | 3 5 |  5.8
Necromancy     | 5 6 |  6.5

Action                     |  1- 3 |  4- 6 |  7- 9 | 10-12 | 13-15 | 16-18 | 19-21 || total
---------------------------+-------+-------+-------+-------+-------+-------+-------++-------
  Melee: Sling             |       |       |     4 |       |       |       |       ||     4
   Fire: Sling             |   110 |   316 |   566 |   597 |   148 |       |       ||  1737
         Hand cannon       |       |       |       |   215 |   966 |  1044 |   974 ||  3199
   Cast: Dimensional Bulls |       |       |       |       |       |       |    11 ||    11
         Fugue of the Fall |       |       |       |       |       |       |     1 ||     1
 Invoke: Heroism           |       |       |       |     1 |       |     3 |       ||     4
         Receive Weapon    |       |       |       |       |     1 |       |       ||     1
         Receive Armour    |       |       |       |       |     1 |       |       ||     1
         Finesse           |       |       |       |       |       |     8 |     8 ||    16
Ability: Invent Gizmo      |       |       |       |       |     1 |       |       ||     1
  Evoke: Wand              |       |       |     1 |     4 |     2 |       |       ||     7
    Use: Scroll            |       |     4 |    11 |    11 |    10 |     5 |    10 ||    51
         Potion            |       |       |     1 |     2 |       |     3 |     3 ||     9
 Armour: Leather armour    |     9 |    59 |    89 |   202 |   108 |       |       ||   467
         Ring mail         |       |       |       |       |    84 |   138 |   169 ||   391
  Dodge: Dodged            |     8 |    42 |    73 |   213 |   177 |    68 |   104 ||   685

Table legend: (Time is in decaauts)
 A = Elapsed time spent in this place.
 B = Non-inter-level travel time spent in this place.
 C = Inter-level travel time spent in this place.
 D = Time resting spent in this place.
 E = Time spent auto-exploring this place.
 F = Levels seen in this place.
 G = Mean time per level.
                   A        B        C        D        E       F      G
               +--------+--------+--------+--------+--------+-----+--------+
         Total |  33578 |  31348 |   2230 |   2853 |  22492 |  40 |  839.5 |
       Dungeon |  13484 |  12301 |   1183 |    676 |   9632 |  15 |  898.9 |
        Temple |      1 |      1 |      0 |      0 |      0 |   1 |    1.0 |
          Lair |   6419 |   6030 |    389 |   1075 |   3767 |   5 | 1283.8 |
         Swamp |   2254 |   2079 |    175 |      6 |   1634 |   4 |  563.5 |
     Snake Pit |   4043 |   3866 |    177 |    227 |   3058 |   4 | 1010.8 |
  Orcish Mines |   1009 |    927 |     82 |      0 |    637 |   2 |  504.5 |
   Elven Halls |   3002 |   2819 |    183 |    276 |   1788 |   3 | 1000.7 |
        Vaults |   2548 |   2510 |     38 |    401 |   1692 |   3 |  849.3 |
         Trove |    182 |    182 |      0 |      0 |     22 |   1 |  182.0 |
      Ice Cave |    454 |    454 |      0 |    190 |    165 |   1 |  454.0 |
        Wizlab |    176 |    176 |      0 |      0 |     97 |   1 |  176.0 |
               +--------+--------+--------+--------+--------+-----+--------+

Top non-repeatable levels by time:
  Lair:1: 1780 daAuts
 Snake:4: 1458 daAuts
     D:9: 1394 daAuts
    D:10: 1366 daAuts
Vaults:1: 1341 daAuts
  Lair:5: 1336 daAuts
   Elf:2: 1305 daAuts
  Lair:2: 1259 daAuts
 Snake:3: 1198 daAuts
    D:12: 1179 daAuts
Vaults:2: 1172 daAuts
  Lair:4: 1097 daAuts
    D:14: 1083 daAuts
     D:8: 1080 daAuts
    D:15: 1053 daAuts
